 Seeded DCSS version 0.27-a0-1312-g5cdb2b3542 (webtiles) character file.

Game seed: 69696420 (custom seed)

203 muata the Chiller (level 5, -3/35 HPs)
             Began as a Merfolk Ice Elementalist on June 18, 2021.
             Slain by a phantom (5 damage)
             ... on level 4 of the Dungeon on June 21, 2021.
             The game lasted 00:13:16 (3902 turns).

muata the Chiller (Merfolk Ice Elementalist)        Turns: 3902, Time: 00:13:17

Health: -3/35      AC:  4    Str:  8    XL:     5   Next: 81%
Magic:  3/10       EV: 13    Int: 16    God:
Gold:   137        SH:  0    Dex: 14    Spells: 4/11 levels left

rFire    . . .     SeeInvis .   f - staff of cold
rCold    + . .     Faith    .   (no shield)
rNeg     . . .     Spirit   .   a - +0 robe
rPois    .         Reflect  .   (no helmet)
rElec    .         Harm     .   (no cloak)
rCorr    .         Rampage  .   n - +1 pair of gloves
Will     .....                  (no boots)
Stlth    ++........             (no amulet)
HPRegen  0.11/turn              (no ring)
MPRegen  0.12/turn              (no ring)

@: no status effects
A: (nimble swimmer 2), mertail
a: no special abilities


You were on level 4 of the Dungeon.
You visited 1 branch of the dungeon, and saw 4 of its levels.

You collected 137 gold pieces.

Inventory:

Hand Weapons
 b - a +0 hand axe
 h - a +0 hunting sling
Missiles
 o - a throwing net
Armour
 a - a +0 robe (worn)
 n - a +1 pair of gloves (worn)
Magical Staves
 f - a staff of cold (weapon)
Jewellery
 g - a ring of ice
Wands
 d - a wand of digging (3)
 k - a wand of flame (15)
Scrolls
 c - a scroll of silence {unknown}
 j - a scroll of blinking {unknown}
 m - a scroll of amnesia {unknown}
 p - a scroll of immolation {unknown}
Potions
 e - 2 potions of berserk rage {unknown}
 i - 2 potions of magic {unknown}
 l - a potion of mutation {unknown}
 q - 2 potions of haste {unknown}


   Skills:
 + Level 3.6 Dodging
 - Level 2.1 Stealth
 + Level 3.8 Spellcasting
 - Level 6.0 Ice Magic


You had 4 spell levels left.
You knew the following spells:

 Your Spells              Type           Power      Damage    Failure   Level
a - Freeze                Ice            100%       1d11      1%          1
b - Frozen Ramparts       Ice            66%        1d8       4%          3
c - Ozocubu's Armour      Ice            33%        N/A       4%          3

Your spell library contained the following spells:

 Spells                   Type           Power      Damage    Failure   Level
 Ensorcelled Hibernation  Hex/Ice        38%        N/A       8%          2
 Corona                   Hex            3%         N/A       17%         1
 Magic Dart               Conj           12%        1d3       17%         1
 Summon Small Mammal      Summ           12%        N/A       17%         1
 Call Imp                 Summ           3%         N/A       26%         2
 Searing Ray              Conj           6%         3d3       26%         2
 Call Canine Familiar     Summ           3%         N/A       45%         3
 Confusing Touch          Hex            3%         N/A       45%         3
 Dazzling Flash           Conj/Hex       6%         N/A       45%         3
 Summon Guardian Golem    Hex/Summ       3%         N/A       45%         3
 Tukima's Dance           Hex            3%         N/A       45%         3
 Hailstorm                Conj/Ice       19%        3d6       45%         4
 Summon Ice Beast         Ice/Summ       19%        N/A       45%         4
 Fulminant Prism          Conj/Hex       1%         3d6       86%         4
 Iskenderun's Mystic Bla  Conj/Tloc      3%         2d3       86%         4
 Summon Lightning Spire   Summ/Air       3%         N/A       86%         4
 Metabolic Englaciation   Hex/Ice        9%         N/A       80%         5


Dungeon Overview and Level Annotations

Branches:
Dungeon (4/15)
 Temple: D:4-7

Altars:
Ru

Annotations:
D:4 3 runed translucent doors, puppykicker's ghost, amateur FoAK


Innate Abilities, Weirdness & Mutations

((You are quick and stealthy near water. (Stealth+, EV+, Speed+++)))
Your lower body shifts to a powerful aquatic tail in water.


Message History

You hit the phantom. You freeze the phantom.
The phantom is moderately damaged.
The phantom misses you.
The phantom hits you but does no damage.
You hit the phantom but do no damage.
The phantom is moderately damaged.
The phantom hits you.
You closely miss the phantom.
The phantom is moderately damaged.
The phantom hits you.
Casting: Freeze (safe; 1% risk of failure)
Confirm with . or Enter, or press ? or * to list all spells.
Aiming: Freeze (safe; 1% risk of failure)
Press: ? - help, Shift-Dir - straight line, f/p - phantom
Aim: a phantom (moderately damaged)
You feel a surge of power!
You freeze the phantom but do no damage.
The phantom completely resists.
The phantom hits you.
* * * LOW HITPOINT WARNING * * *
Unknown command.
Casting: Freeze (safe; 1% risk of failure)
Confirm with . or Enter, or press ? or * to list all spells.
Aiming: Freeze (safe; 1% risk of failure)
Press: ? - help, Shift-Dir - straight line, f/p - phantom
Aim: a phantom (moderately damaged)
You feel a surge of power!
You freeze the phantom.
The phantom resists.
The phantom is moderately damaged.
The phantom hits you.
* * * LOW HITPOINT WARNING * * *
You hit the phantom but do no damage.
The phantom is moderately damaged.
The phantom hits you but does no damage.
You miss the phantom.
The phantom is moderately damaged.
The phantom hits you.
* * * LOW HITPOINT WARNING * * *
The phantom blinks!
You blink.
Found 21 stones.
Found an escape hatch in the ceiling.
The phantom hits you.
You die...

#........ ##..... ..
.(..... .. #........
##........##########
.......###...#.....#
...................+
..<....@.....#.##..+
######W......#.###.+
#####ยง..#.# #.# ###
#...#.# ### #.#
#...#.# #..
#####.### ##. #....#
#. #....#######
#.........##


You could see a phantom.

Vanquished Creatures
  Ijyb (D:3)
  2 iguanas
  4 gnolls
  3 adders
  A dart slug (D:2)
  6 orcs (D:3)
  4 endoplasms
  4 giant cockroaches
  2 goblins
  5 hobgoblins
  8 kobolds
  A quokka (D:2)
  4 ball pythons
  7 bats
  4 rats
56 creatures vanquished.

Vanquished Creatures (others)
  4 fungi
  A plant (D:4)
5 creatures vanquished.

Grand Total: 61 creatures vanquished

Notes
Turn   | Place    | Note
-------+----------+-------------------------------------------
     0 | D:1      | muata the Merfolk Ice Elementalist began the quest for the
                  | Orb.
     0 | D:1      | Reached XP level 1. HP: 13/13 MP: 3/3
   591 | D:1      | Reached XP level 2. HP: 14/19 MP: 1/5
  1042 | D:1      | Found a faded altar of an unknown god.
  1301 | D:2      | Reached XP level 3. HP: 13/24 MP: 0/6
  1548 | D:2      | Upgraded the game from 0.27-a0-1308-gc08437e49b to
                  | 0.27-a0-1312-g5cdb2b3542
  2133 | D:3      | Reached skill level 5 in Ice Magic
  2167 | D:2      | Reached XP level 4. HP: 20/30 MP: 5/8
  2630 | D:3      | Noticed Ijyb
  2639 | D:3      | Killed Ijyb
  2640 | D:3      | Reached XP level 5. HP: 28/35 MP: 3/10
  3076 | D:3      | Learned a level 3 spell: Frozen Ramparts
  3080 | D:3      | Learned a level 3 spell: Ozocubu's Armour
  3347 | D:3      | Found a sacrificial altar of Ru.
  3685 | D:4      | Found a runed translucent gate.
  3685 | D:4      | Found a runed translucent gate.
  3685 | D:4      | Found a runed translucent gate.
  3686 | D:4      | Noticed a kobold brigand
  3688 | D:4      | Noticed puppykicker's ghost (amateur FoAK)
  3765 | D:4      | Reached skill level 6 in Ice Magic
  3875 | D:4      | Noticed a phantom
  3902 | D:4      | Slain by a phantom

Illustrated notes

Levels and vault maps discovered:
D:1:      amcnicky_arrival_flooded_fountain, layout_loops_corners,
          shapermc_ecumenical_altar_mp_ritualfount, st_stairs_13,
          lemuel_old_faithful
D:2:      layout_basic
D:3:      layout_loops_cross, lemuel_tele_altar, corexii_corridor_pit, uniq_ijyb
D:4:      layout_basic, good_gods_mini_temple, gammafunk_ghost_nasty_kobolds

Skill      XL: |  1  2  3  4  5 |
---------------+----------------+-----
Dodging        | 3 |  3.6
Ice Magic      | 5 6 |  6.0
Spellcasting   | 3 |  3.8
Stealth        | |  2.1

Action                   |  1- 3 |  4- 6 || total
-------------------------+-------+-------++-------
Melee: Hand axe          |    10 |       ||    10
       Staff             |     2 |    12 ||    14
 Cast: Freeze            |    48 |    56 ||   104
       Ozocubu's Armour  |       |     2 ||     2
 Stab: Sleeping          |     1 |       ||     1
Armor: Robe              |    14 |    12 ||    26
Dodge: Dodged            |    47 |    27 ||    74

Table legend: (Time is in decaauts)
 A = Elapsed time spent in this place.
 B = Non-inter-level travel time spent in this place.
 C = Inter-level travel time spent in this place.
 D = Time resting spent in this place.
 E = Time spent auto-exploring this place.
 F = Levels seen in this place.
 G = Mean time per level.
                   A        B        C        D        E       F      G
               +--------+--------+--------+--------+--------+-----+--------+
         Total |   3902 |   3744 |    158 |    805 |   2242 |   4 |  975.5 |
       Dungeon |   3902 |   3744 |    158 |    805 |   2242 |   4 |  975.5 |
               +--------+--------+--------+--------+--------+-----+--------+

Top non-repeatable levels by time:
     D:2: 1290 daAuts
     D:1: 1148 daAuts
     D:3: 1147 daAuts
     D:4: 316 daAuts
